 Dungeon Crawl Stone Soup version 0.30.1-11-g7821555f0a (webtiles) character file.

Game seed: 17767608420489602182

5 Chiseanne the Shield-Bearer (level 1, -1/14 HPs)
             Began as a Demonspawn Wanderer on Nov 24, 2023.
             Frozen to death by an endoplasm (4 damage)
             ... on level 1 of the Dungeon.
             The game lasted 00:00:30 (464 turns).

Chiseanne the Shield-Bearer (Demonspawn Wanderer)    Turns: 464, Time: 00:00:31

Health: -1/14      AC:  2    Str: 10    XL:     1   Next: 66%
Magic:  3/3        EV: 10    Int: 11    God:
Gold:   45         SH:  5    Dex: 16    Spells: 3/4 levels left

rFire   . . .        a - +2 falchion
rCold   . . .        b - +0 buckler
rNeg    . . .        d - +0 robe
rPois   .            (no helmet)
rElec   .            (no cloak)
rCorr   .            (no gloves)
SInv    .            (no boots)
Will    +....        (no amulet)
Stlth   +            i - ring of willpower
HPRegen 0.22/turn    (no ring)
MPRegen 0.08/turn

%: no passive effects
@: no status effects
A: no striking features
a: no special abilities


You were on level 1 of the Dungeon.
You visited 1 branch of the dungeon, and saw 1 of its levels.

You collected 45 gold pieces.

Inventory:

Hand Weapons
 a - a +2 falchion (weapon)
Armour
 b - a +0 buckler (worn)
 d - a +0 robe (worn)
Jewellery
 i - a ring of willpower (left hand)
Scrolls
 e - a scroll of summoning {unknown}
 f - 2 scrolls of enchant armour {unknown}
 h - a scroll of enchant weapon {unknown}
 j - 2 scrolls of identify {unknown}
Potions
 c - a potion of curing
 g - 2 potions of brilliance {unknown}
 k - 2 potions of might {unknown}


   Skills:
 * Level 0.4 Fighting
 - Level 2.6 Long Blades
 * Level 0.3 Armour
 * Level 0.3 Dodging
 * Level 2.8 Shields
 - Level 2.0 Spellcasting
 - Level 1.0 Conjurations
 - Level 1.0 Evocations


You had 3 spell levels left.
You knew the following spells:

 Your Spells              Type           Power      Damage    Failure   Level
a - Kiss of Death         Conj/Necr      8%         2d6       34%         1

Your spell library contained the following spells:

 Spells                   Type           Power      Damage    Failure   Level
 Shock                    Conj/Air       8%         1d3       34%         1
 Stone Arrow              Conj/Erth      4%         3d7       71%         3
 Swiftness                Air            1%         N/A       77%         3
 Airstrike                Air            0%         2d(1-17)  99%         4


Dungeon Overview and Level Annotations

Branches:
Dungeon (1/15)

Altars:


Message History

The endoplasm quivers.
The ball python bites you. You block the ball python's attack.
You closely miss the ball python. The ball python bites you.
You block the ball python's attack.
You hit the ball python.
You kill the ball python!
You hit the endoplasm.
The endoplasm is lightly wounded.
The endoplasm jiggles.
The endoplasm hits you.
You hit the endoplasm.
The endoplasm is moderately wounded.
The endoplasm freezes you.
You are frozen.
The endoplasm freezes you.
You are frozen.
* * * LOW HITPOINT WARNING * * *
You are too injured to fight recklessly!
You are too injured to fight recklessly!
You are too injured to fight recklessly!
You are too injured to fight recklessly!
You are too injured to fight recklessly!
You are too injured to fight recklessly!
You are too injured to fight recklessly!
You are too injured to fight recklessly!
You are too injured to fight recklessly!
You are too injured to fight recklessly!
You are too injured to fight recklessly!
You are too injured to fight recklessly!
You are too injured to fight recklessly!
You are too injured to fight recklessly!
You are too injured to fight recklessly!
You are too injured to fight recklessly!
You are too injured to fight recklessly!
You are too injured to fight recklessly!
You hit the endoplasm.
The endoplasm is almost dead.
The endoplasm freezes you.
You are frozen.
You die...

### #...# #..............
#...# #. ##....#.#.######
#######.####.....#...####
.....................#
.$.....#####.....###.#
....... #........#.#
....... #..........##
.......####.......##..#
#....J@..##.....###..#
#....[...#.......#####
#......!..........#
#.########........# .
#.#.....## !..##...##
##...##### ..#. ### ##


You could see an endoplasm.

Vanquished Creatures
  An endoplasm (D:1)
  A goblin (D:1)
  3 ball pythons (D:1)
  A rat (D:1)
6 creatures vanquished.

Notes
Turn   | Place    | Note
-------+----------+-------------------------------------------
     0 | D:1      | Chiseanne the Demonspawn Wanderer began the quest for the
                  | Orb.
     0 | D:1      | Chiseanne set off with the following items: a +2 falchion,
                  | a +0 buckler, a potion of curing, a +0 robe; and the
                  | following spell memorised: Kiss of Death; and the following
                  | spells available to memorise: Stone Arrow.
     0 | D:1      | Reached XP level 1. HP: 13/13 MP: 3/3
   233 | D:1      | Found a faded altar of an unknown god.
   464 | D:1      | Frozen to death by an endoplasm

Illustrated notes

Levels and vault maps discovered:
D:1:      minmay_arrival_widening_spiral_narrow, layout_rooms,
          basic_ecumenical_altar, chequers_serial_rivers_small_3

Action                     || total
---------------------------++-------
  Melee: Falchion          ||    13
   Stab: Sleeping          ||     1
 Armour: Robe              ||     2
  Block: Buckler           ||     6
